 Dungeon Crawl Stone Soup version 0.17.0-26-gececa24 (webtiles) character file.

347 Ijustatesigmund the Chucker (level 6, -1/43 HPs)
             Began as a Demonspawn Wizard on Nov 20, 2015.
             Was a Follower of Dithmenos.
             Slain by Menkaure (10 damage)
             ... on level 4 of the Dungeon.
             The game lasted 00:19:53 (3518 turns).

Ijustatesigmund the Chucker (Demonspawn Wizard)     Turns: 3518, Time: 00:19:53

Health: -1/43      AC: 14    Str:  7    XL:     6   Next: 32%
Magic:  7/10       EV: 12    Int: 21    God:    Dithmenos [*.....]
Gold:   245        SH:  0    Dex: 10    Spells: 4 memorised, 3 levels left

rFire  + . .     SeeInvis .     e - +1 dagger (speed)
rCold  . . .     Clarity  .     j - +1 animal skin
rNeg   . . .     SustAt   .     (no shield)
rPois  .         Gourm    .     m - +1 helmet
rElec  .         Spirit   .     (no cloak)
rCorr  +         Warding  .     t - +1 pair of gloves
rMut   .         Stasis   .     (no boots)
MR     .....                    h - amulet of resist corrosion
Stlth  ++........               (no ring)
                                i - ring of protection from fire

@: very slightly contaminated, hasted, wreathed by umbra, repel missiles, very
quick, not resistant to hostile enchantments, unstealthy
A: rough black scales 2, spiny 1, rot immunity
a: Renounce Religion


You were on level 4 of the Dungeon.
You worshipped Dithmenos.
Dithmenos was aware of your devotion.
You were not hungry.

You visited 1 branch of the dungeon, and saw 4 of its levels.

You collected 245 gold pieces.

Inventory:

Hand Weapons
 e - a +1 dagger of speed (weapon)
 g - a +0 short sword
 x - a +1 dagger of venom
Missiles
 o - 5 needles of paralysis
 p - 14 curare-tipped needles
 u - 25 poisoned needles
Armour
 a - a +1 robe
 j - a +1 animal skin (worn)
 m - a +1 helmet (worn)
 t - a +1 pair of gloves (worn)
Jewellery
 h - an amulet of resist corrosion (around neck)
 i - a ring of protection from fire (left hand)
Wands
 q - a wand of slowing (34)
 y - a wand of confusion (9)
Scrolls
 k - 2 scrolls of magic mapping
Potions
 b - a potion of mutation {unknown}
 f - 2 potions of flight
 l - a potion of lignification
 n - 2 potions of curing
 r - a potion of resistance {unknown}
 z - a potion of cure mutation {unknown}
Books
 c - a book of Minor Magic

   Spells                             Type                      Level
   a - Magic Dart                     Conjuration                  1
   b - Blink                          Translocation                2
   c - Call Imp                       Summoning                    2
   d - Repel Missiles                 Charms/Air                   2
   e - Slow                           Hexes                        2
   f - Conjure Flame                  Conjuration/Fire             3
   g - Mephitic Cloud                 Conjuration/Poison/Air       3
Comestibles
 d - 4 bread rations
 w - a beef jerky


   Skills:
 - Level 1.0 Fighting
 - Level 1.1 Short Blades
 + Level 3.6 Throwing
 - Level 2.4 Dodging
 - Level 1.7 Stealth
 - Level 3.0 Spellcasting
 - Level 2.6 Conjurations
   Level 1.0 Summonings
 - Level 1.2 Translocations
 - Level 1.0 Air Magic
 - Level 1.0 Poison Magic
 - Level 1.6 Invocations


You had 3 spell levels left.
You knew the following spells:

 Your Spells              Type           Power        Failure   Level  Hunger
a - Magic Dart            Conj           ##..         6%          1    None
b - Blink                 Tloc           N/A          12%         2    ##.....
c - Repel Missiles        Chrm/Air       #.....       17%         2    ##.....
d - Mephitic Cloud        Conj/Pois/Air  #.......     24%         3    ###....


Dungeon Overview and Level Annotations

Branches:
Dungeon (4/15)
 Temple: D:4-7

Altars:
Cheibriados
Dithmenos
Vehumet
Xom

Annotations:
D:3 Sigmund
D:4 Menkaure


Innate Abilities, Weirdness & Mutations

You are mostly covered in rough black scales (AC +7, Dex -2).
You are partially covered in sharp spines.
You are immune to rotting.


Message History

Menkaure calls on the powers of darkness!
Your body is wracked with pain!
You hit Menkaure.
Menkaure is lightly damaged.
Drink which item? (? for menu, Esc to quit)
You feel yourself speed up. Menkaure is struck by your spines.
Menkaure hits you!
* * * LOW HITPOINT WARNING * * *
You are very lightly contaminated with residual magic.
You hit Menkaure.
Menkaure is moderately damaged.
You hit Menkaure.
Menkaure is moderately damaged.
Menkaure barely misses you.
You barely miss Menkaure.
Menkaure is moderately damaged.
You hit Menkaure.
Menkaure is moderately damaged.
Menkaure is struck by your spines. Menkaure hits you!
You die...

...........+...........##.......
...........#######.....##.......
#.....###..#######.....##.......
≈≈≈≈≈≈ #.##.......#....#####...
#.##...............##.##
...................##'##
........................
........................
......M@................
........................
#........#####..........
#...###### #.......... #..
#.......... .. #.......... .
#####


You could see Menkaure.

Vanquished Creatures
  3 orc wizards (D:4)
  Jessica (D:2)
  A hound (D:4)
  2 worker ants (D:4)
  An iguana (D:4)
  Robin (D:4)
  3 adders
  A gnoll (D:2)
  An ooze (D:3)
  An adder skeleton (D:4)
  2 worms
  A giant gecko (D:1)
  6 orcs (D:3)
  2 ball pythons
  3 giant cockroaches
  16 goblins
  14 hobgoblins
  6 jackals (D:1)
  2 quokkas
  7 bats
  3 giant newts
  5 kobolds
  7 rats
89 creatures vanquished.

Notes
Turn   | Place    | Note
--------------------------------------------------------------
     0 | D:1      | Ijustatesigmund the Demonspawn Wizard began the quest for the Orb.
     0 | D:1      | Reached XP level 1. HP: 13/13 MP: 4/4
   339 | D:1      | Gained mutation: You are partially covered in sharp spines. [demonic ancestry]
   339 | D:1      | Reached XP level 2. HP: 19/19 MP: 1/6
   391 | D:1      | Learned a level 2 spell: Blink
   394 | D:1      | Learned a level 2 spell: Repel Missiles
  1075 | D:1      | Gained mutation: You are partially covered in rough black scales (AC +4, Dex -1). [demonic ancestry]
  1075 | D:1      | Reached XP level 3. HP: 24/24 MP: 1/7
  1138 | D:1      | Learned a level 3 spell: Mephitic Cloud
  1332 | D:2      | Noticed Jessica
  1423 | D:2      | Found a snail-covered altar of Cheibriados.
  1565 | D:2      | Reached skill level 1 in Fighting
  1578 | D:2      | Reached skill level 1 in Air Magic
  1697 | D:2      | Gained mutation: You are immune to rotting. [demonic ancestry]
  1697 | D:2      | Reached XP level 4. HP: 32/32 MP: 3/8
  1704 | D:2      | Found a radiant altar of Vehumet.
  1814 | D:2      | Reached skill level 1 in Poison Magic
  1857 | D:2      | Killed Jessica
  1857 | D:2      | Reached skill level 1 in Short Blades
  1857 | D:2      | Reached skill level 1 in Translocations
  2438 | D:3      | Found a shadowy altar of Dithmenos.
  2442 | D:3      | Became a worshipper of Dithmenos the Shadowed
  2452 | D:3      | Found a shimmering altar of Xom.
  2541 | D:3      | Noticed Sigmund
  2653 | D:4      | Reached skill level 1 in Invocations
  2653 | D:4      | Reached XP level 5. HP: 33/37 MP: 1/9
  2737 | D:4      | Reached skill level 1 in Throwing
  2928 | D:4      | Noticed Robin
  2939 | D:4      | Gained mutation: You are mostly covered in rough black scales (AC +7, Dex -2). [demonic ancestry]
  2939 | D:4      | Reached XP level 6. HP: 43/43 MP: 1/10
  3046 | D:4      | Killed Robin
  3503 | D:4      | Reached * piety under Dithmenos
  3507 | D:4      | Noticed Menkaure
  3518 | D:4      | Slain by Menkaure

Action                   |  1- 3 |  4- 6 || total
-------------------------+-------+-------++-------
Melee: Short sword       |     8 |       ||     8
       Dagger            |    15 |    69 ||    84
 Cast: Magic Dart        |    78 |    95 ||   173
       Repel Missiles    |     1 |       ||     1
       Mephitic Cloud    |     1 |     2 ||     3
Evoke: Wand              |       |     2 ||     2
  Use: Scroll            |     9 |     4 ||    13
       Potion            |       |     3 ||     3
 Stab: Sleeping          |     1 |     1 ||     2
       Confused          |     1 |       ||     1
  Eat: Chunk             |     2 |     6 ||     8
